AoeStats
← Maximus1743

Arena

509264939Analyzed
4v4 RM · 5d ago on Sep 26, 2026· 35m 40s· 8 players
Game mode
Random Map
Map size
Large (8 player)
Population
200
Speed
Normal
Resources
Standard
Victory
Conquest
Starting age
Dark Age
Ending age
Imperial Age
RankedLock teamsTeams togetherTeam positionsShared explorationLock speedFull tech treeHidden civsTurbo modeCheats
Victory
Defeat
🇨🇦 Mongols · Canada
1253
+15
🇲🇽 Jurchens · Mexico
1251
+15
🇲🇽 Poles · Mexico
1235
+16
🇺🇸 Hindustanis · United States
1231
+16
🇨🇦 Varangians · Canada
1270
-16
🇨🇳 Teutons · China
1256
-17
🇬🇧 Koreans · United Kingdom
1236
-16
🇨🇳 Khmer · China
1162
-13
hurlmore
2:55 Loom
9:50 Feudal Age
13:07 Bloodlines
13:59 Forging
13:55 Scale Barding Armor
20:23 Double-Bit Axe
23:27 Castle Age
23:18 Horse Collar
24:26 Husbandry
25:06 Iron Casting
24:51 Chain Barding Armor
24:46 Bow Saw
24:41 Heavy Plow
25:21 Light Cavalry
28:12 Wheelbarrow
32:10 Gold Mining
35:38 Imperial Age
35:06 Padded Archer Armor
35:21 Fortified Wall
35:55 Gold Shaft Mining
RMXs | Arobledoz
10:46 Feudal Age
16:10 Castle Age
15:03 Gold Mining
15:06 Double-Bit Axe
15:15 Gold Mining
15:40 Stone Mining
24:44 Wheelbarrow
31:49 Imperial Age
34:42 Hand Cart
35:16 Town Watch
36:22 Bow Saw
Maximus1743
11:20 Feudal Age
15:17 Castle Age
13:20 Double-Bit Axe
13:18 Horse Collar
16:16 Bow Saw
18:53 Heavy Plow
21:46 Wheelbarrow
23:42 Hand Cart
27:21 Imperial Age
25:05 Husbandry
25:53 Scale Barding Armor
25:59 Forging
26:40 Bloodlines
27:01 Szlachta Privileges
26:52 Gold Mining
27:44 Town Watch
28:23 Conscription
28:28 Chain Barding Armor
28:59 Crop Rotation
28:04 Cavalier
29:12 Loom
29:29 Town Patrol
31:40 Iron Casting
31:27 Scale Mail Armor
31:14 Arson
31:30 Squires
33:23 Blast Furnace
35:25 Light Cavalry
HellSong
9:59 Feudal Age
10:45 Man-at-Arms
12:20 Horse Collar
13:10 Scale Barding Armor
15:00 Loom
16:45 Arson
17:17 Double-Bit Axe
19:01 Forging
24:55 Castle Age
23:25 Bloodlines
24:56 Stone Mining
24:58 Gold Mining
26:27 Bow Saw
27:50 Stone Shaft Mining
29:33 Fletching
29:15 Pikeman
31:51 Bodkin Arrow
33:11 Gold Shaft Mining
33:20 Wheelbarrow
32:31 Town Watch
33:27 Ballistics
33:58 Husbandry
LavarBall
0:58 Loom
12:24 Feudal Age
13:09 Horse Collar
19:03 Castle Age
18:57 Double-Bit Axe
19:49 Wheelbarrow
20:19 Heavy Plow
31:52 Imperial Age
30:21 Forging
30:55 Hand Cart
31:56 Iron Casting
31:27 Scale Barding Armor
32:19 Bloodlines
TheRazorsEdge
11:40 Feudal Age
15:13 Castle Age
14:01 Double-Bit Axe
14:31 Horse Collar
16:44 Scale Mail Armor
16:47 Heavy Plow
18:18 Gold Mining
20:31 Chain Mail Armor
21:19 Forging
22:11 Squires
32:11 Iron Casting
31:53 Bow Saw
XY
10:45 Feudal Age
15:12 Castle Age
13:39 Double-Bit Axe
14:02 Horse Collar
16:06 Loom
17:06 Wheelbarrow
16:23 Loom
18:05 Heavy Plow
21:06 Bow Saw
21:54 Gold Mining
22:57 Stone Mining
24:28 Gold Shaft Mining
24:47 Hand Cart
28:52 Imperial Age
26:36 Arson
28:20 Stone Shaft Mining
27:36 Pikeman
31:17 Conscription
30:45 Halberdier
31:28 Scale Mail Armor
31:38 Forging
33:25 Chain Mail Armor
33:46 Iron Casting
34:28 Crop Rotation
哈偶纳尼
6:08 Loom
8:34 Feudal Age
13:12 Fletching
15:34 Double-Bit Axe
20:45 Horse Collar
24:09 Gold Mining
27:07 Castle Age
35:31 Imperial Age
34:59 Pikeman
Connection lost

Rejoining the realm…

Still unreachable

The connection could not be restored.

Session expired

The server has moved on; the page needs a fresh start.